 Dungeon Crawl Stone Soup version 0.21-a0-150-gc243083 (webtiles) character file.

10384 tsouns the Martial Artist (level 11, 0/100 HPs)
             Began as a Purple Draconian Monk on July 28, 2017.
             Was an Elder of Wu Jian.
             Slain by a white ugly thing (35 damage)
             ... on level 12 of the Dungeon.
             The game lasted 00:36:55 (12648 turns).

tsouns the Martial Artist (Purple Draconian Monk)  Turns: 12648, Time: 00:36:57

Health: 0/100      AC:  6    Str: 14    XL:     11   Next: 35%
Magic:  14/14      EV: 15    Int: 13    God:    Wu Jian [****..]
Gold:   225        SH:  0    Dex: 14    Spells: 10/10 levels left

rFire    . . .     SeeInvis .     - Unarmed
rCold    . . .     Gourm    .   (no shield)
rNeg     . . .     Faith    .   (armour unavailable)
rPois    .         Spirit   .   (helmet restricted)
rElec    .         Reflect  .   E - +2 cloak
rCorr    .         Harm     .   (no gloves)
MR       ++...                  (no boots)
Stlth    ++........             R - amulet of rage
HPRegen  0.26/turn              u - +5 ring of slaying
MPRegen  0.14/turn              p - ring of protection from magic

@: corroded, slowed, very slow
A: breathe power, unfitting armour, cold-blooded, AC +7
a: Breathe Dispelling Energy, Serpent's Lash, Renounce Religion, Evoke Berserk
Rage


You were on level 12 of the Dungeon.
You worshipped Wu Jian.
Wu Jian was greatly pleased with you.
You were not hungry.

You visited 2 branches of the dungeon, and saw 13 of its levels.
You also visited: Ossuary.

You collected 665 gold pieces.
You spent 440 gold pieces at shops.

Inventory:

Hand Weapons
 e - a +0 shortbow of freezing
 s - a +1 blowgun
Missiles
 b - 379 stones (quivered)
 h - 113 arrows
 n - a throwing net
 t - 18 poisoned needles
 y - 4 needles of sleeping
 A - 6 curare-tipped needles
 Q - 2 tomahawks
Armour
 E - a +2 cloak (worn)
Jewellery
 g - an uncursed ring of stealth
 p - a ring of protection from magic (right hand)
 u - a +5 ring of slaying (left hand)
 R - an amulet of rage (around neck)
Wands
 r - a wand of flame (16/48)
 C - a wand of random effects (13/48)
 I - a wand of disintegration (6/24)
 L - a wand of paralysis (9/24)
 O - a wand of polymorph (6/24)
Scrolls
 d - 3 scrolls of blinking
 i - 9 scrolls of teleportation
 j - 3 scrolls of amnesia
 l - 2 scrolls of fear
 q - 4 scrolls of remove curse
 v - 3 scrolls of enchant armour
 z - 2 scrolls of recharging
 F - 3 scrolls of enchant weapon
 H - a scroll of immolation
 J - a scroll of holy word
 K - a scroll of fog {unknown}
 N - 5 scrolls of identify
Potions
 c - a potion of magic
 f - 3 potions of curing
 k - 2 potions of heal wounds
 o - 4 potions of mutation
 w - 3 potions of brilliance
 x - a potion of cancellation
 D - a potion of resistance
 M - 3 potions of flight
Miscellaneous
 T - a sack of spiders
Comestibles
 a - 5 bread rations
 m - 6 meat rations
 G - 27 fruits
 P - 3 royal jellies


   Skills:
 + Level 10.2 Fighting
 + Level 5.6 Dodging
 - Level 3.7 Stealth
 * Level 13.5 Unarmed Combat
 + Level 4.4 Evocations


You had 10 spell levels left.
You didn't know any spells.

Dungeon Overview and Level Annotations

Branches:
Dungeon (12/15)            Temple (1/1) D:6            Lair (0/6) D:11
    Orc (0/2) D:10

Altars:
Ashenzari
Cheibriados
Dithmenos
Elyvilon
Fedhas
Gozag
Hepliaklqana
Kikubaaqudgha
Makhleb
Nemelex Xobeh
Okawaru
Qazlal
Ru
Sif Muna
Trog
Uskayaw
Vehumet
Wu Jian
Xom
Yredelemnul
Zin
The Shining One
Beogh

Shops:
D:9 :*%*


Innate Abilities, Weirdness & Mutations

You can breathe bolts of dispelling energy.
Your rich purple scales are hard. (AC +7)
You cannot fit into any form of body armour.
You are cold-blooded and may be slowed by cold attacks.


Message History

The white ugly thing completely misses you.
You closely miss the white ugly thing. You tail-slap the white ugly thing.
The white ugly thing is lightly wounded.
The white ugly thing misses you.
You punch the white ugly thing!
Your tail-slap misses the white ugly thing.
Your punch misses the white ugly thing.
The white ugly thing is moderately wounded.
The white ugly thing engulfs you. The white ugly thing freezes you!!
You punch the white ugly thing!
The white ugly thing is heavily wounded.
You barely miss the white ugly thing.
The white ugly thing is heavily wounded.
The white ugly thing engulfs you! The white ugly thing freezes you!!
You feel yourself slow down.
* * * LOW HITPOINT WARNING * * *
Unknown command.
You feel much better. The white ugly thing engulfs you!
The white ugly thing freezes you!!
You die...

#...# #####)####
#....).... #+#########
#......... ..........###
#......... ..........'.#
#......... ..........#.#
#......... ..........#.#
#.........
......u@..#.###.........
......[...#.............
..........#####.........
########### ##########


You could see a white ugly thing.

Vanquished Creatures
  Erica (D:11)
  2 two-headed ogres
  Pikel (D:6)
  A cyclops (D:11)
  Maurice (D:10)
  A kobold demonologist (D:11)
  A shadow (D:11)
  6 yaks
  An acid dragon (D:12)
  A water moccasin (D:5)
  3 ice beasts
  7 orc warriors
  2 slaves (D:5)
  4 sky beasts
  6 centaurs
  3 ogres (D:8)
  An elf zombie (Ossuary)
  4 big kobolds
  7 bullfrogs
  2 scorpions
  15 wights
  4 howler monkeys
  6 crimson imps
  8 hounds
  2 bullfrog zombies
  4 human zombies (Ossuary)
  2 centaur skeletons
  4 jellies
  9 orc wizards
  8 orc priests
  A bullfrog skeleton (D:5)
  2 iguanas
  8 worker ants
  A killer bee zombie (D:7)
  2 hound zombies (Ossuary)
  4 mummies (Ossuary)
  3 gnolls (D:11)
  5 adders
  2 shadow imps
  An adder zombie (D:7)
  2 worms
  A dart slug (D:3)
  A leopard gecko (D:3)
  42 orcs
  10 bats
  5 giant cockroaches
  2 gnoll zombies (Ossuary)
  10 goblins
  5 hobgoblins
  6 jackals
  5 quokkas
  A ball python (D:2)
  6 frilled lizards
  A goblin zombie (Ossuary)
  A jackal zombie (Ossuary)
  16 kobolds
  10 rats
  A rat zombie (Ossuary)
271 creatures vanquished.

Vanquished Creatures (others)
  Eustachio (D:6)
  A bullfrog (D:6)
  An orc wizard (D:3)
  A howler monkey skeleton (D:6)
4 creatures vanquished.

Grand Total: 275 creatures vanquished

Notes
Turn   | Place    | Note
-------+----------+-------------------------------------------
     0 | D:1      | tsouns the Draconian Monk began the quest for the Orb.
     0 | D:1      | Reached XP level 1. HP: 19/19 MP: 1/1
    73 | D:1      | Reached XP level 2. HP: 26/26 MP: 2/2
   386 | D:1      | Reached skill level 4 in Unarmed Combat
   677 | D:1      | Reached XP level 3. HP: 31/31 MP: 3/3
  1595 | D:3      | Reached skill level 5 in Unarmed Combat
  1595 | D:3      | Reached XP level 4. HP: 25/38 MP: 4/4
  2013 | D:3      | Reached XP level 5. HP: 27/45 MP: 5/5
  2155 | D:3      | Found a faded altar of an unknown god.
  2331 | D:3      | Noticed a sky beast
  2679 | D:3      | Killed a sky beast
  2679 | D:3      | Reached skill level 6 in Unarmed Combat
  3218 | D:4      | Found a hide-covered altar of Uskayaw.
  3387 | D:4      | Reached XP level 6. HP: 47/51 MP: 6/6
  3529 | D:4      | Reached skill level 7 in Unarmed Combat
  3899 | D:5      | Entered Level 5 of the Dungeon
  3980 | D:5      | Noticed a water moccasin
  4039 | D:5      | Killed a water moccasin
  4039 | D:5      | Your scales start taking on a rich purple colour.
  4039 | D:5      | Reached XP level 7. HP: 49/60 MP: 7/7
  4083 | D:5      | Reached skill level 8 in Unarmed Combat
  4400 | D:5      | Found a shattered altar of Ashenzari.
  4603 | D:5      | Reached skill level 5 in Fighting
  5095 | D:6      | Noticed Pikel
  5387 | D:6      | Reached skill level 9 in Unarmed Combat
  5387 | D:6      | Reached XP level 8. HP: 64/69 MP: 8/8
  5601 | D:6      | Killed Pikel
  5601 | D:6      | Reached skill level 10 in Unarmed Combat
  5691 | D:6      | Noticed Eustachio
  5915 | D:6      | Killed Eustachio
  6132 | D:6      | Found a staircase to the Ecumenical Temple.
  6148 | Temple   | Entered the Ecumenical Temple
  6331 | Temple   | Became a worshipper of the Wu Jian Council
  6331 | Temple   | Reached * piety under Wu Jian
  6331 | Temple   | Reached ** piety under Wu Jian
  6563 | D:7      | Reached XP level 9. HP: 79/79 MP: 9/9
  6807 | D:7      | Found a white marble altar of Elyvilon.
  6894 | D:7      | Reached skill level 11 in Unarmed Combat
  7155 | D:7      | Found a sand-covered staircase.
  7161 | Ossuary  | Entered an ossuary
  8053 | D:8      | Reached *** piety under Wu Jian
  8127 | D:8      | Reached skill level 12 in Unarmed Combat
  8408 | D:8      | Noticed a two-headed ogre
  8416 | D:8      | Killed a two-headed ogre
  8416 | D:8      | Reached XP level 10. HP: 53/90 MP: 10/10
  8566 | D:8      | Found an iron altar of Okawaru.
  8872 | D:9      | Found Nacur's General Store.
  8904 | D:9      | Bought a wand of paralysis (9/24) for 176 gold pieces
  8904 | D:9      | Bought a scroll of enchant armour for 120 gold pieces
  8904 | D:9      | Bought a potion of flight for 48 gold pieces
  8906 | D:9      | Found a shattered altar of Ashenzari.
  8915 | D:9      | Found a shadowy altar of Dithmenos.
  9362 | D:9      | Found Roguv's General Store.
  9370 | D:9      | Bought a potion of curing for 36 gold pieces
  9370 | D:9      | Bought a potion of heal wounds for 60 gold pieces
  9390 | D:9      | Found a blossoming altar of Fedhas.
  9522 | D:9      | Found Tibueq's Food Shop.
  9555 | D:9      | Found Noustryh's Book Emporium.
  9636 | D:10     | Entered Level 10 of the Dungeon
  9675 | D:10     | Found a staircase to the Orcish Mines.
  9695 | D:10     | Found a roughly hewn altar of Beogh.
  9699 | D:10     | Reached **** piety under Wu Jian
 10356 | D:10     | Reached skill level 1 in Evocations
 10748 | D:10     | Noticed Maurice
 10761 | D:10     | Killed Maurice
 11252 | D:11     | Reached skill level 13 in Unarmed Combat
 11335 | D:11     | Reached skill level 5 in Dodging
 11341 | D:11     | Reached XP level 11. HP: 53/99 MP: 13/13
 11716 | D:11     | Found a staircase to the Lair.
 11866 | D:11     | Noticed Erica
 11907 | D:11     | Reached skill level 10 in Fighting
 11911 | D:11     | Killed Erica
 12227 | D:12     | Found an ornate altar of the Wu Jian Council.
 12227 | D:12     | Noticed a two-headed ogre
 12263 | D:12     | Noticed an eight-headed hydra
 12394 | D:12     | Reached ***** piety under Wu Jian
 12395 | D:12     | Killed a two-headed ogre
 12638 | D:12     | Noticed a white ugly thing
 12648 | D:12     | Slain by a white ugly thing

Vault maps used:
D:1:      dpeg_arrival_subterranean_lakeside_camping
D:3:      chequers_ecumenical_altar_simple
D:4:      lemuel_doored_altar
D:5:      first_bread, cheibrodos_ashenzari_chains
D:6:      minmay_temple_entry_trees, uniq_pikel, uniq_eustachio
D:7:      old_standard_altar, nicolae_ossuary_entry_ruins
D:8:      okawaru_gym_becter, blue_anna_alchemist,
          minmay_misc_feat_secret_circle
D:9:      overflow_temple_1_default, overflow_temple_1_default,
          overflow_temple_1_default, serial_shops, nicolae_shop_behind_doors,
          nicolae_shop_statue_plus, shop, shop
D:10:     minmay_orc_entry_temple_small, uniq_maurice
D:11:     lair_entry_dummy, grunt_ministairs_6, uniq_erica
D:12:     lemuel_tele_altar
Temple:   eino_temple_scatter_basement
Ossuary:  ossuary_minmay_tomb_2a

Skill      XL: |  1  2  3  4  5  6  7  8  9 10 11 |
---------------+----------------------------------+-----
Unarmed Combat | 4 5 6 7 9 10 12 13 | 13.5
Fighting       | 4 5 7 8 9 10 | 10.2
Dodging        | 3 5 |  5.6
Stealth        | 2 3 |  3.7
Evocations     | 3 4 |  4.4

Action                   |  1- 3 |  4- 6 |  7- 9 | 10-12 || total
-------------------------+-------+-------+-------+-------++-------
Melee: Unarmed           |   131 |   127 |   397 |   287 ||   942
       Tailslap          |    12 |    24 |    60 |    58 ||   154
       Punch             |     1 |     6 |    14 |    10 ||    31
 Fire: Blowgun           |       |    10 |    11 |    11 ||    32
Throw: Stone             |     3 |     6 |       |       ||     9
       Throwing net      |       |       |     1 |       ||     1
Invok: Serpent's Lash    |       |       |       |     1 ||     1
 Abil: Breathe Dispellin |       |       |    10 |     2 ||    12
Evoke: Wand              |       |       |       |     1 ||     1
  Use: Scroll            |     9 |     4 |    13 |     4 ||    30
       Potion            |       |     4 |     5 |     2 ||    11
 Stab: Sleeping          |    14 |    11 |     9 |    12 ||    46
       Distracted        |       |       |       |     3 ||     3
  Eat: Chunk             |     2 |     6 |    10 |    13 ||    31
       Royal jelly       |       |     1 |       |       ||     1
       Fruit             |       |       |     2 |       ||     2
       Bread ration      |       |       |     1 |       ||     1
Armor: Skin              |    34 |    21 |    95 |    53 ||   203
Dodge: Dodged            |    90 |    48 |   212 |   115 ||   465
